← All builds
Air / Cortex / Economy first / OBSERVED BUILD

Standard air

The usual Cortex air game: Aircraft Plant just after the start, Advanced Metal Extractor around 7 minutes and Fusion Reactor around 11 minutes, making transports and fighters for the team while scaling economy normally.

Usually transports first (73%)

#eco #team support #air · 525 distinct matches · 115 players · 79% of Cortex Air games · team won 47% of 590 · Recently observed

HOW TO PLAY IT

Key timing: Aircraft Plant by 1:23

  1. Take 3 mex and open straight into Aircraft Plant.
  2. Finish Aircraft Plant, start pumping Valiant for escort duty.
  3. Get T2 constructor going to scale eco alongside air production.
  4. Add Advanced Metal Extractor to keep pace with team's economy.
  5. Bring Fusion Reactor online, keep making Hercules and Finch for allies.

Phase by phase

TYPICAL OF ITS 525 GAMES
  1. 1
  2. 2
  3. 3
PLAY THE OPENING

Follow the example game's first 6:00 step by step: what to build now, what comes next, and where it goes. At 1× it keeps pace with your own game.

  1. 1

    Up to the Aircraft Plant

    Economy
    • Metal Extractor3Mex
    • Wind Turbine4Wind
    Order
    1. Aircraft PlantAircraft Plant after 3 mex, 4 winddone ~1:21, middle half 1:13–1:34

    Some games also: energy storage (37%)

    By 1:02 in all: 3 mex · 4 wind

    The example game in this phase · 3 steps
    1. Mex ×3
    2. Wind ×5
    3. Aircraft PlantAircraft Plantdone 1:20 · typical 1:21
  2. 2

    Aircraft Plant to 5:00

    Economy
    • Metal Extractor1Mex
    • Wind Turbine9Wind
    • Wind Turbine3Wind
    Builders
    • Construction Turret2 Con turret
    • Construction Aircraft1 Con aircraft
    Army
    • Valiant5 Valiant
    • Finch2 Finch for allies
    • Hercules2 Light transport for allies
    • Shuriken1 Shuriken
    • Hephaestus1 Heavy transport for allies

    Some games also: energy storage (46%) · light transport (44%) · converter (39%) · con turret (33%)

    By 5:00 in all: 3 mex · 1 mex · 13 wind · 3 wind · 1 energy storage · 2 con turret

    The example game in this phase · 25 steps
    1. HephaestusHeavy transport ×2for Geo sea
    2. FinchFinchfor Beach sea
    3. Wind
    4. WhirlwindWhirlwind
    5. HerculesLight transportfor Geo sea
    6. WhirlwindWhirlwind
    7. FinchFinchfor Geo sea
    8. WhirlwindWhirlwind
    9. Wind ×4
    10. ShurikenShurikenfor Beach sea
    11. ValiantValiant
    12. Wind
    13. Energy storagefor Geo sea
    14. ValiantValiant
    15. Mex
    16. HerculesLight transport ×2for Tech
    17. HerculesLight transport
    18. Wind
    19. ValiantValiant ×2
    20. Con turret
    21. ValiantValiant
    22. HephaestusHeavy transportfor Geo sea
    23. Wind
    24. ValiantValiant
    25. Wind
  3. 3

    5:00 to 10:00

    Economy
    • Wind Turbine20Wind
    • Wind Turbine5Wind
    • Energy Converter6Converter
    Order
    1. Aircraft PlantAircraft Plant after 18 wind, 17 wind, 6 converterin 58% of games
    Builders
    • Construction Turret4 Con turret
    Army
    • Valiant9 Valiant
    • Shuriken1 Shuriken

    Some games also: con aircraft (36%) · fusion (32%) · light transport (31%)

    By 10:00 in all: 3 mex · 1 mex · 24 wind · 20 wind · 8 converter · 1 energy storage

    The example game in this phase · 75 steps
    1. ValiantValiant
    2. Wind
    3. ValiantValiant
    4. Wind
    5. ValiantValiant
    6. Wind ×2
    7. ValiantValiant
    8. HephaestusHeavy transportfor Geo sea
    9. Wind
    10. Converter
    11. ValiantValiant
    12. Converter
    13. ValiantValiant
    14. Converter ×2
    15. Con turret
    16. Advanced Metal ExtractorT2 mexdone 7:33 · typical 6:50
    17. ValiantValiant
    18. Con turret
    19. ValiantValiant
    20. Advanced Metal ExtractorT2 mex ×2
    21. Con turret
    22. Wind
    23. Con turret
    24. Advanced Metal ExtractorT2 mex
    25. Con turret
    26. Aircraft PlantAircraft Plantdone 9:00
    27. BlinkScout plane ×5
    28. FalconFighter
    29. Wind
    30. FalconFighter
    31. Wind
    32. FalconFighter
    33. Wind
    34. FalconFighter
    35. Wind
    36. FalconFighter
    37. Wind
    38. FalconFighter
    39. Wind
    40. FalconFighter
    41. Wind
    42. FalconFighter
    43. Wind
    44. FalconFighter
    45. Wind
    46. FalconFighter
    47. Wind
    48. FalconFighter ×2
    49. Wind
    50. FalconFighter
    51. Wind
    52. Fusion ReactorFusiondone 11:14 · typical 10:55
    53. FalconFighter
    54. Wind
    55. FalconFighter
    56. Con turret
    57. Aircraft PlantAircraft Plantdone 11:30
    58. FerretFerret ×2
    59. NettleNettle ×6
    60. Advanced Metal ExtractorT2 mex
    61. FalconFighter
    62. Construction AircraftCon aircraft
    63. Wind ×7
    64. Con turret
    65. BeamerBeamer
    66. Radar TowerRadar Tower
    67. Wind
    68. Solar
    69. Wind ×2
    70. Solar
    71. Wind ×5
    72. FalconFighter
    73. Wind ×2
    74. Energy storage ×2
    75. FalconFighter

Counts are medians over the build's games: half of them build more, half fewer. The example game is HamoodLovesEstorage's (49 OS, 27/09/2026); pick another.

Team trades

IN AT LEAST 30% OF ITS GAMES

You hand over

  • Finch2 Finch to Geo sea or Beach seafirst at 1:51 · in 96% of games
  • Hercules3 Light transport to Tech or Geo sea or Geofirst at 2:05 · in 99% of games
  • Hephaestus1 Heavy transport to Beach sea or Pond or Techfirst at 2:25 · in 75% of games

You get

  • Wind Turbine3 Wind from Beach sea or Geo seafirst at 1:39 · in 66% of games
  • Wind Turbine3 Wind from Beach sea or Geo sea or Pondfirst at 1:44 · in 48% of games
  • Construction Bot1 Con bot from Techfirst at 2:20 · in 84% of games
  • Advanced Construction Bot1 T2 con bot from Techfirst at 6:04 · in 94% of games

How it plays out

Typical game of this build, running totals by minute

Metal produced

010k20k30k
0:005:0010:0015:00

metal

Enemy metal destroyed

01k2k3k
0:005:0010:0015:00

metal

Own metal lost

01k2k3k
0:005:0010:0015:00

metal

590 games.

Show as table
ByMetal produced: This buildEnemy metal destroyed: This buildOwn metal lost: This build
1:0039300
2:0092400
3:00145800
4:002050051
5:00276373102
6:003766125150
7:005129176219
8:007014219285
9:009298248341
10:0011788315470
11:0014397439639
12:0017105603950
13:00199438701236
14:002263713511806
15:002549320022670
WHAT THE NUMBERS SAY

This is the role's standard support job, winning less than half its games while producing little combat impact but reliably feeding transports and scouts to teammates.

  • + Reaches Aircraft Plant almost immediately (1:23), fast T2 constructor by 5:58.
  • + Keeps own losses low (2789 by 15:00) versus other roles.
  • − Destroys only 2027 enemy metal by 15:00, minimal combat contribution.
  • − Fusion Reactor only completes in 57% of games, some games stall on eco.
THE EXAMPLE YOU ARE READING

HamoodLovesEstorage

48.6 OS · 27/09/2026

Open source match ↗

10 received units · includes a constructor
402 metal received · 37906 energy received

Allied construction assistance is unknown. Timings are observations, not a promise of solo reproducibility.

Typical milestones

Aircraft Plant1:21Middle 50%: 1:13–1:34 · n=590
Advanced Metal Extractor6:50Middle 50%: 6:22–7:27 · n=566
Fusion Reactor10:55Middle 50%: 10:03–12:16 · n=355

Played most by

DRM36games of this buildAdeus32games of this buildCentientWaffle32games of this buildImmort25games of this buildNutzz25games of this build